Map: Neon Violet Square LE

Players

MMA

  • Race: Terran Terran
  • League: Diamond
  • Spawn Location: 5:00

Stephano - Winner!

  • Race: Zerg Zerg
  • League: Grandmaster
  • Spawn Location: 11:00

Event: HomeStory Cup XVI

VOD

Have the link to the VOD?

Description

Time

  • Played on: Nov. 9, 2017, 10:27 a.m.
  • Length: 23:41

All games in this series

Show
View Real Time Build Order
Export as new Build Order

MMA Terran 

Build Orders: Mech 

Get SALT Encoding   

  12  0:00  SCV  
  13  0:12  SCV  
  14  0:18  Supply Depot  
  14  0:24  SCV  
  15  0:30  Refinery  
  15  0:40  SCV  
  16  0:45  Barracks  
  16  0:52  SCV  
  17  1:04  SCV  
  18  1:16  SCV  
  19  1:32  Reaper, Orbital Command  
  20  1:44  Command Center  
  20  1:55  Factory  
  20  1:58  SCV  
  21  2:04  Refinery  
  21  2:08  Barracks Reactor  
  21  2:11  SCV  
  22  2:16  Supply Depot  
  22  2:23  SCV  
  23  2:38  SCV  
  23  2:40  Widow Mine  
  23  2:44  Marine x2  
  27  2:50  SCV  
  29  2:56  Starport  
  29  2:59  Orbital Command  
  29  3:01  Marine x2  
  29  3:03  SCV  
  32  3:12  Factory Tech Lab  
  32  3:15  SCV  
  32  3:19  Marine x2  
  35  3:22  Supply Depot  
  35  3:25  SCV  
  36  3:27  SCV  
  36  3:32  Medivac  
  39  3:37  Siege Tank  
  39  3:40  SCV  
  43  3:44  Marine x2  
  43  3:45  SCV  
  43  3:48  Supply Depot  
  46  3:53  SCV  
  47  3:57  SCV  
  47  4:01  Marine  
  49  4:03  Marine  
  49  4:09  SCV x2, Siege Tank  
  54  4:12  Medivac  
  54  4:15  Supply Depot  
  56  4:20  Marine  
  56  4:21  Marine  
  56  4:23  SCV x2  
  60  4:29  Supply Depot  
  60  4:35  SCV x2  
  62  4:47  SCV  
  62  4:48  SCV  
  62  4:49  Medivac  
  62  4:52  Command Center  
  66  4:55  Hellion  
  66  4:56  Hellion  
  71  5:00  SCV x2  
  71  5:04  Refinery  
  71  5:05  Refinery  
  72  5:11  Supply Depot  
  72  5:13  SCV x2  
  71  5:18  Hellion  
  71  5:19  Armory  
  71  5:20  Armory  
  73  5:27  SCV x2  
  75  5:33  Hellion  
  75  5:34  Supply Depot  
  77  5:40  Factory, Hellion  
  77  5:41  Factory  
  77  5:42  Barracks Tech Lab  
  79  5:43  SCV x2  
  81  5:54  Hellion  
  81  5:55  SCV x2  
  81  5:56  Supply Depot  
  85  6:01  Hellion  
  85  6:04  Orbital Command  
  87  6:07  SCV  
  87  6:08  SCV  
  89  6:16  Hellion  
  89  6:19  SCV  
  89  6:20  SCV  
  89  6:22  Hellion  
  93  6:32  SCV  
  88  6:34  Terran Vehicle And Ship Armor Level 1, Terran Vehicle Weapons Level 1  
  88  6:35  SCV  
  88  6:37  Hellion  
  72  6:40  Refinery  
  72  6:41  Refinery  
  72  6:42  Starport Reactor  
  72  6:44  Hellion  
  72  6:45  SCV x2  
  76  6:49  Supply Depot, Thor  
  76  6:51  Thor  
  88  7:02  SCV x2  
  90  7:11  Supply Depot  
  90  7:12  Hellion x2  
  90  7:13  SCV  
  90  7:14  SCV x2  
  97  7:18  Command Center  
  97  7:25  SCV  
  97  7:26  Medivac, SCV x2  
  97  7:27  Medivac  
  104  7:30  Supply Depot  
  104  7:33  Siege Tank  
  104  7:34  Siege Tank  
  104  7:35  Supply Depot  
  110  7:37  Factory  
  110  7:39  Factory  
  110  7:41  SCV x3  
  113  7:46  Hellion x2  
  117  7:53  SCV  
  117  7:54  SCV x2  
  117  7:56  Viking  
  117  7:57  Viking  
  124  8:05  Refinery  
  124  8:10  Refinery  
  124  8:12  Siege Tank  
  127  8:13  Siege Tank  
  127  8:17  Hellion x2  
  134  8:26  Engineering Bay  
  134  8:27  Factory Tech Lab, Factory Reactor  
  134  8:33  Terran Vehicle Weapons Level 2, Terran Vehicle And Ship Armor Level 2  
  134  8:40  Hellion  
  136  8:44  Siege Tank  
  136  8:45  Siege Tank  
  142  9:01  Siege Tank  
  142  9:02  Hellion x2  
  149  9:04  Building Armor  
  149  9:06  Command Center  
  149  9:10  Command Center  
  149  9:11  Planetary Fortress  
  149  9:16  Siege Tank  
  152  9:19  Siege Tank  
  152  9:23  Hellion x2  
  155  9:37  Siege Tank  
  155  9:38  Hellion x2  
  160  9:42  Supply Depot  
  160  9:43  Supply Depot  
  160  9:47  Factory x2  
  160  9:48  Factory  
  160  10:02  Siege Tank  
  160  10:03  Siege Tank  
  160  10:04  Hellion x2  
  160  10:05  Hellion x2  
  172  10:09  Hellion  
  174  10:19  Orbital Command  
  158  10:30  Viking x2  
  158  10:32  Factory Tech Lab  
  158  10:33  Factory Tech Lab  
  158  10:34  Factory Reactor  
  158  10:35  Sensor Tower  
  162  10:38  Siege Tank x2  
  168  10:43  Siege Tank  
  168  10:44  Hellion x4  
  168  10:48  Infernal Pre-Igniter, Command Center  
  179  10:50  Command Center  
  179  11:03  Thor  
  185  11:05  Planetary Fortress  
  185  11:09  Terran Vehicle Weapons Level 3  
  185  11:12  Terran Vehicle And Ship Armor Level 3  
  185  11:13  Refinery  
  185  11:14  Refinery  
  185  11:24  Viking x2  
  189  11:27  Siege Tank x2  
  189  11:30  Siege Tank  
  198  11:36  Hellion  
  198  11:55  Command Center  
  198  11:59  Command Center  
  198  12:00  Command Center  
  198  12:03  Orbital Command  
  186  12:40  Siege Tank x2  
  186  12:41  Viking x2, Siege Tank  
  196  12:44  Siege Tank  
  196  12:49  Command Center  
  196  12:50  Siege Tank  
  196  12:53  Hellion x2  
  200  13:03  Missile Turret  
  193  13:06  Hellion x2  
  193  13:11  Viking  
  181  13:18  Viking  
  181  13:19  Hellion x8  
  183  13:26  SCV x2  
  174  13:37  SCV x2  
  174  13:38  SCV  
  171  13:41  Viking  
  171  13:42  Thor x3  
  171  13:43  Thor  
  171  13:48  Viking  
  184  13:53  SCV x4  
  176  14:05  SCV x3  
  176  14:06  Missile Turret  
  120  14:10  Orbital Command  
  164  14:11  Viking  
  164  14:13  SCV  
  153  14:17  SCV x3  
  153  14:18  Viking  
  153  14:23  Thor  
  158  14:29  Planetary Fortress  
  152  14:44  Siege Tank x2  
  152  14:45  Siege Tank x2  
  164  14:57  Sensor Tower  
  164  15:01  Hellion x3  
  164  15:03  Refinery  
  164  15:04  Refinery  
  164  15:05  Hellion  
  164  15:06  Siege Tank  
  175  15:16  Siege Tank x2  
  181  15:30  Siege Tank x2  
  181  15:31  Viking x2  
  181  15:37  SCV x2  
  181  15:38  SCV x2  
  181  15:41  SCV x2  
  181  15:42  Planetary Fortress  
  180  15:49  SCV, Siege Tank  
  183  15:55  Refinery  
  183  15:57  Terran Ship Weapons Level 1  
  183  15:59  Missile Turret  
  183  16:01  Viking x2  
  183  16:02  Missile Turret x2, Hellion x4  
  198  16:12  Missile Turret  
  192  16:25  Command Center  
  190  16:28  SCV x4  
  182  16:32  Viking  
  182  16:39  SCV x2  
  186  16:40  Viking, SCV  
  186  16:44  Starport  
  186  16:49  Starport  
  184  16:59  Factory Reactor  
  180  17:02  Viking  
  181  17:10  Viking  
  180  17:19  Thor x3  
  189  17:23  Thor  
  195  17:32  Viking  
  197  17:47  Viking  
  199  17:59  Hellion x6  
  177  18:37  Thor x3  
  186  18:41  Viking x3  
  186  18:42  Viking x3  
  195  18:50  Thor  
  195  19:00  Thor  
  196  19:08  Command Center  
  192  19:11  Viking  
  192  19:13  Planetary Fortress  
  192  19:14  SCV x5  
  192  19:15  SCV  
  196  19:26  SCV x2  
  196  19:31  Missile Turret  
  196  19:34  Refinery, Missile Turret  
  193  19:49  Thor  
  193  19:50  Viking x2  
  167  19:58  Thor x2  
  171  20:04  SCV x2  
  171  20:05  SCV x4  
  171  20:06  Refinery  
  153  20:07  Siege Tank x2  
  153  20:08  Terran Ship Weapons Level 2  
  159  20:16  SCV  
  159  20:17  SCV x2  
  162  20:28  SCV x3  
  163  20:29  SCV x3  
  163  20:32  Thor  
  170  20:37  Viking x5  
  170  20:39  Siege Tank x2  
  170  20:41  Siege Tank x2  
  164  20:53  SCV  
  144  20:57  Viking  
  133  21:05  Hellion, SCV  
  133  21:06  Hellion x2  
  133  21:07  Viking x2, Hellion x2  
  125  21:11  Siege Tank x2  
  125  21:12  SCV x4  
  125  21:13  Thor, Siege Tank  
  125  21:14  Thor  
  125  21:17  SCV  
  151  21:24  SCV  
  151  21:26  Hellion  
  151  21:28  Hellion  
  145  21:43  Thor  
  145  21:44  Hellion x2  
  145  21:45  Hellion x2  
  145  21:46  Hellion  
  160  21:56  Hellion x2  
  160  21:57  Hellion  
  168  22:01  Hellion  
  168  22:12  Viking x2  
  156  22:26  Orbital Command  
  150  22:35  Thor  
  156  22:40  Viking  
  126  23:06  Viking x2  
Show
View Real Time Build Order
Export as new Build Order

Stephano Zerg - Winner!

Build Orders: Hatch First 

Get SALT Encoding   

  12  0:01  Drone  
  13  0:13  Overlord  
  13  0:18  Drone  
  14  0:31  Drone x2  
  14  0:35  Drone  
  17  0:52  Hatchery  
  17  0:55  Drone  
  17  0:58  Drone  
  18  1:10  Extractor  
  17  1:14  Spawning Pool  
  17  1:17  Drone  
  17  1:20  Drone  
  18  1:30  Drone  
  19  1:40  Overlord  
  19  1:50  Drone  
  20  2:01  Queen  
  20  2:02  Zergling x2  
  20  2:04  Queen  
  20  2:05  Zergling x2  
  26  2:12  Drone  
  26  2:13  Metabolic Boost  
  27  2:16  Drone  
  28  2:32  Hatchery  
  28  2:34  Drone  
  28  2:41  Queen  
  30  2:44  Drone  
  30  2:46  Drone  
  30  2:50  Overlord  
  32  2:56  Drone  
  33  3:00  Drone x2  
  33  3:01  Drone  
  36  3:11  Drone x3  
  36  3:12  Drone  
  40  3:14  Drone  
  40  3:15  Drone  
  40  3:18  Drone  
  43  3:25  Queen  
  43  3:26  Extractor  
  43  3:27  Overlord  
  45  3:32  Overlord  
  45  3:43  Queen  
  45  3:44  Drone  
  45  3:45  Drone x2  
  45  3:46  Zergling x4  
  45  3:48  Zergling x2  
  53  3:50  Drone  
  53  3:51  Drone  
  53  3:52  Drone  
  56  3:57  Drone  
  56  3:58  Drone  
  58  4:04  Drone  
  58  4:05  Drone x2  
  58  4:06  Queen  
  63  4:11  Overlord  
  63  4:12  Drone x2  
  65  4:17  Spore Crawler  
  65  4:19  Spore Crawler  
  65  4:21  Zergling x2  
  65  4:22  Zergling x4  
  65  4:27  Overlord  
  65  4:30  Drone x2  
  65  4:31  Drone x2  
  69  4:34  Evolution Chamber  
  69  4:35  Evolution Chamber  
  67  4:39  Drone x2  
  67  4:41  Drone x2  
  67  4:42  Drone x2  
  67  4:44  Spore Crawler  
  72  4:46  Drone  
  72  4:49  Drone  
  74  4:56  Extractor, Drone  
  74  4:57  Extractor, Drone  
  74  4:58  Queen  
  76  5:01  Zerg Missile Weapons Level 1, Zerg Ground Armor Level 1  
  76  5:05  Drone x2  
  76  5:06  Overlord  
  77  5:14  Overlord  
  77  5:15  Overlord  
  77  5:16  Overlord  
  77  5:22  Overlord  
  77  5:24  Extractor x2  
  77  5:25  Extractor  
  77  5:26  Drone x3  
  77  5:27  Drone x4  
  81  5:29  Lair  
  81  5:40  Hatchery  
  80  5:43  Drone  
  80  5:46  Drone  
  80  5:47  Baneling Nest  
  80  5:48  Drone x2  
  80  5:49  Drone  
  84  5:56  Zergling x2  
  84  5:57  Zergling x8  
  89  6:02  Zergling x10  
  90  6:11  Zergling x10  
  90  6:18  Zergling x4  
  85  6:33  Zergling x8  
  85  6:37  Drone x3  
  85  6:39  Drone  
  92  6:40  Drone x3  
  92  6:43  Drone x2  
  92  6:46  Queen  
  96  6:49  Drone x2  
  96  6:50  Drone  
  96  6:52  Queen  
  96  6:53  Queen  
  105  6:56  Drone x4  
  105  7:00  Zerg Missile Weapons Level 2, Zerg Ground Armor Level 2  
  109  7:01  Hydralisk Den, Centrifical Hooks  
  109  7:07  Baneling x4  
  109  7:08  Drone x2  
  110  7:16  Extractor, Overlord  
  110  7:17  Overlord x2  
  110  7:20  Spine Crawler  
  110  7:21  Spine Crawler  
  107  7:31  Hydralisk x2  
  107  7:36  Overlord  
  107  7:37  Overlord  
  111  7:42  Muscular Augments, Hydralisk x3  
  111  7:43  Infestation Pit  
  116  7:46  Hydralisk  
  116  7:49  Drone x4  
  121  7:51  Extractor x2  
  121  7:55  Hydralisk x3  
  124  7:59  Hydralisk  
  125  8:09  Hydralisk x3  
  125  8:10  Hydralisk  
  129  8:13  Overlord  
  129  8:14  Drone x2  
  129  8:17  Drone x3  
  134  8:27  Spine Crawler, Drone x4  
  134  8:28  Spine Crawler  
  134  8:31  Hatchery  
  134  8:32  Hive  
  134  8:33  Hydralisk x3  
  134  8:34  Hydralisk x2  
  145  8:45  Hydralisk x3  
  151  8:56  Overlord  
  151  9:02  Overlord x4  
  151  9:03  Pneumatized Carapace  
  151  9:11  Overlord  
  151  9:14  Overlord x2  
  151  9:17  Zerg Melee Weapons Level 1  
  151  9:20  Overlord x3  
  151  9:21  Spire  
  151  9:23  Hydralisk x5  
  151  9:24  Hydralisk  
  162  9:38  Hydralisk x8  
  164  9:44  Drone x3  
  164  9:45  Drone x2  
  183  9:46  Drone x2  
  185  10:05  Viper  
  185  10:06  Viper x3  
  197  10:14  Hatchery  
  197  10:20  Viper  
  197  10:25  Extractor, Spine Crawler  
  197  10:26  Spine Crawler x2  
  197  10:28  Drone x6  
  199  10:35  Hatchery  
  198  10:36  Zerg Missile Weapons Level 3, Zerg Flyer Armor Level 1  
  198  10:37  Overseer  
  194  11:08  Adrenal Glands  
  194  11:15  Ultralisk Cavern  
  193  11:19  Extractor, Hatchery  
  190  11:37  Zerg Melee Weapons Level 2  
  190  11:47  Evolution Chamber  
  190  11:50  Evolution Chamber  
  190  11:51  Evolution Chamber  
  190  11:52  Evolution Chamber  
  186  11:58  Pathogen Glands  
  186  11:59  Burrow  
  186  12:01  Spire  
  185  12:07  Chitinous Plating  
  185  12:20  Drone x10  
  195  12:26  Spine Crawler x2  
  195  12:27  Spine Crawler  
  161  12:52  Greater Spire  
  161  12:55  Drone x6  
  146  13:13  Zerg Ground Armor Level 3  
  146  13:14  Mutalisk  
  146  13:15  Mutalisk x3  
  146  13:16  Mutalisk x3  
  146  13:17  Mutalisk x18  
  176  13:44  Drone x2  
  176  13:45  Drone x6  
  176  13:47  Extractor  
  176  13:48  Extractor  
  170  13:57  Hatchery  
  147  14:06  Drone  
  138  14:10  Corruptor x3  
  138  14:11  Corruptor x2  
  138  14:14  Zerg Flyer Weapons Level 1, Zerg Flyer Armor Level 2  
  142  14:24  Drone x2  
  144  14:27  Drone x2  
  144  14:36  Corruptor x2  
  144  14:37  Corruptor x6  
  156  14:52  Extractor  
  155  14:54  Spine Crawler  
  155  14:56  Spine Crawler  
  155  14:57  Spine Crawler  
  155  14:58  Spine Crawler  
  155  14:59  Drone  
  153  15:00  Extractor, Drone x5  
  153  15:01  Drone  
  153  15:03  Infestor  
  153  15:04  Infestor x3  
  165  15:08  Hatchery  
  168  15:14  Brood Lord  
  168  15:15  Brood Lord  
  168  15:16  Drone  
  168  15:17  Drone x3  
  168  15:20  Drone x3  
  171  15:29  Brood Lord x3  
  171  15:35  Brood Lord  
  175  15:36  Queen x2  
  173  15:47  Brood Lord  
  173  15:48  Brood Lord  
  173  15:49  Infestor  
  179  15:56  Drone x3  
  179  15:57  Drone  
  183  15:58  Drone x4  
  183  16:01  Queen  
  183  16:02  Extractor  
  188  16:07  Hatchery  
  188  16:09  Neural Parasite  
  188  16:10  Zerg Melee Weapons Level 3  
  187  16:15  Brood Lord  
  187  16:16  Brood Lord x2  
  193  16:23  Brood Lord x2  
  197  16:30  Corruptor  
  197  16:40  Spine Crawler x2  
  197  16:41  Spine Crawler, Overseer  
  197  16:42  Overseer  
  190  16:49  Infestor  
  190  16:50  Infestor x3  
  182  17:22  Zergling x20  
  192  17:23  Zergling x12  
  192  17:29  Zerg Flyer Weapons Level 2  
  196  17:32  Zerg Flyer Armor Level 3  
  196  17:34  Queen x2  
  200  17:47  Spine Crawler  
  199  18:05  Infestor x3  
  184  18:06  Infestor x3  
  184  18:09  Zergling x8  
  195  18:24  Ultralisk  
  194  18:45  Drone x2  
  194  18:46  Drone x2  
  189  19:01  Ultralisk  
  195  19:07  Spine Crawler  
  195  19:08  Spine Crawler  
  192  19:12  Extractor x2  
  192  19:14  Drone x3  
  193  19:20  Spine Crawler  
  193  19:22  Spine Crawler  
  191  19:24  Spine Crawler, Overlord  
  191  19:25  Overseer x3  
  188  19:31  Spine Crawler  
  188  19:32  Spine Crawler  
  169  19:56  Infestor x9  
  183  20:15  Extractor  
  183  20:19  Extractor  
  181  20:28  Infestor x20  
  181  20:39  Infestor x3  
  181  20:40  Corruptor x5  
  179  20:53  Corruptor x4  
  179  20:55  Drone x2  
  175  21:09  Drone  
  176  21:15  Zergling x4  
  176  21:18  Brood Lord x5  
  188  21:20  Drone  
  199  21:33  Zergling x2  
  200  21:44  Brood Lord x4  
  200  21:45  Overlord  
  198  21:49  Overseer x2  
  178  22:25  Corruptor x6  
  178  22:26  Corruptor x4  
  198  22:31  Infestor  
  200  22:41  Spore Crawler x2  
  200  22:42  Spore Crawler  
Tags
 
Add a new tag
Caveats
  • Supply blocks, unpowered buildings, or Contaminate may cause inaccurate times.
  • Supply counts are checked every 10 seconds.